[ AOE2 MATCH · #471386279 ]
UnrankedPersians vs Khmer
[ REPLAY ANALYSIS · EXTRACTED FROM THE RECORDED GAME ]
Feudal
11:06
Castle
15:30
Imperial
29:42
| APM avg | 28.5 |
| APM peak | 68 |
| eAPM avg | 13.2 |
| Villagers / military | 144 / 504 |
Focus
⚔️ 38.0% · 🌾 62.0%
Archer ×250 · Knight ×241 · Trade Cart ×40 · Trebuchet (Packed) ×13
Feudal
10:08
Castle
13:45
Imperial
27:22
| APM avg | 59.4 |
| APM peak | 97 |
| eAPM avg | 32.0 |
| Villagers / military | 261 / 1214 |
Focus
⚔️ 47.0% · 🌾 53.0%
Scout Cavalry ×810 · Scorpion ×287 · Trade Cart ×66 · Hand Cannoneer ×43 · Trebuchet (Packed) ×31 · Knight ×19
Feudal
11:46
Castle
26:27
Imperial
41:27
| APM avg | 19.4 |
| APM peak | 42 |
| eAPM avg | 12.8 |
| Villagers / military | 113 / 844 |
Focus
⚔️ 50.6% · 🌾 49.4%
Spearman ×233 · Skirmisher ×181 · Militia ×149 · Gbeto ×115 · Scout Cavalry ×115 · Trade Cart ×31
Feudal
9:30
Castle
26:32
Imperial
42:08
| APM avg | 35.8 |
| APM peak | 142 |
| eAPM avg | 29.6 |
| Villagers / military | 188 / 1170 |
Focus
⚔️ 61.9% · 🌾 38.1%
Spearman ×638 · Scout Cavalry ×381 · Knight ×124 · Battering Ram ×19 · Mangonel ×5 · Trade Cart ×5
Feudal
9:19
Castle
23:40
Imperial
43:06
| APM avg | 60.4 |
| APM peak | 264 |
| eAPM avg | 30.7 |
| Villagers / military | 184 / 1239 |
Focus
⚔️ 66.5% · 🌾 33.5%
Spearman ×428 · Scout Cavalry ×365 · Skirmisher ×279 · Archer ×96 · Cavalry Archer ×67 · Trade Cart ×43
Feudal
10:31
Castle
14:01
Imperial
28:10
| APM avg | 40.1 |
| APM peak | 113 |
| eAPM avg | 28.2 |
| Villagers / military | 192 / 1312 |
Focus
⚔️ 50.9% · 🌾 49.1%
Spearman ×812 · Scorpion ×198 · Militia ×120 · Battering Ram ×75 · Trade Cart ×56 · Trebuchet (Packed) ×30
Match map
Initial resources + every placement click. Lines = walls · curves = elevation contours. ◆ gold · ⬟ stone · ● berries · ✦ relic · ◌ wall gap
Your base· ✓ Closed at 15:30 · 0t walls · 2 gate(s)
[LaCD] Nicolaqui's base· ✓ Closed at 13:45 · 0t walls · 3 gate(s)
PJtheDcoy's base· ✓ Closed at 26:27 · 9t walls · 3 gate(s)
RafaelKubo's base· ✓ Closed at 26:32 · 0t walls · 2 gate(s)
[LAK] Hitokirivan's base· ✓ Closed at 23:40 · 0t walls · 2 gate(s)
Quando's base· ✓ Closed at 14:01 · 0t walls · 3 gate(s)
Smoothed initial terrain · ◌ = detected wall gap · hover for details
Inputs per minute
— Fr4ggi - - [LaCD] Nicolaqui
Build order — Fr4ggi
First 150 of 512 actions detected
| 0:04 | Build | House |
| 0:06 | Build | House |
| 0:07 | Queue | Villager (Male) |
| 0:25 | Queue | Villager (Male) |
| 0:25 | Queue | Villager (Male) |
| 0:40 | Queue | Villager (Male) |
| 0:41 | Queue | Villager (Male) |
| 1:34 | Queue | Villager (Male) |
| 1:52 | Build | Lumber Camp |
| 2:03 | Queue | Villager (Male) |
| 2:30 | Queue | Villager (Male) |
| 3:37 | Queue | Villager (Male) |
| 3:37 | Queue | Villager (Male) |
| 3:37 | Queue | Villager (Male) |
| 4:03 | Build | House |
| 4:21 | Queue | Villager (Male) |
| 4:31 | Build | Mill |
| 4:33 | Queue | Villager (Male) |
| 4:54 | Queue | Villager (Male) |
| 5:51 | Queue | Villager (Male) |
| 5:52 | Queue | Villager (Male) |
| 5:56 | Queue | Villager (Male) |
| 6:00 | Build | House |
| 6:48 | Queue | Villager (Male) |
| 7:06 | Queue | Villager (Male) |
| 7:39 | Queue | Villager (Male) |
| 8:14 | Queue | Villager (Male) |
| 8:17 | Build | Farm |
| 8:19 | Queue | Villager (Male) |
| 8:31 | Research | Feudal Age |
| 8:45 | Build | Mining Camp |
| 9:26 | Build | Barracks |
| 9:28 | Build | House |
| 10:51 | Queue | Villager (Male) |
| 11:06 | Age | Feudal Age |
| 11:11 | Build | Stable |
| 11:16 | Build | Farm |
| 11:27 | Build | Farm |
| 12:01 | Build | Mill |
| 12:20 | Build | Blacksmith |
| 12:35 | Queue | Villager (Male) |
| 13:02 | Build | Farm |
| 13:05 | Research | Castle Age |
| 13:21 | Build | Farm |
| 13:24 | Queue | Villager (Male) |
| 14:08 | Build | House |
| 14:16 | Research | Bloodlines |
| 14:28 | Research | Scale Barding Armor |
| 14:39 | Queue | Villager (Male) |
| 14:44 | Build | House |
| 15:03 | Research | Double-Bit Axe |
| 15:30 | Age | Castle Age |
| 15:32 | Queue | Knight |
| 15:53 | Build | Town Center |
| 16:03 | Build | Farm |
| 16:05 | Queue | Knight |
| 16:10 | Queue | Villager (Male) |
| 16:24 | Queue | Villager (Male) |
| 16:56 | Build | Farm |
| 16:56 | Build | Farm |
| 16:57 | Build | Farm |
| 17:01 | Queue | Knight |
| 17:17 | Research | Forging |
| 17:20 | Build | Farm |
| 17:35 | Queue | Knight |
| 18:03 | Build | Farm |
| 18:07 | Build | Mining Camp |
| 18:08 | Queue | Knight |
| 18:31 | Queue | Villager (Male) |
| 18:31 | Queue | Villager (Male) |
| 18:32 | Queue | Villager (Male) |
| 18:32 | Queue | Villager (Male) |
| 18:35 | Build | Farm |
| 18:40 | Build | Farm |
| 18:48 | Queue | Villager (Male) |
| 18:48 | Queue | Villager (Male) |
| 19:08 | Build | Farm |
| 19:09 | Queue | Villager (Male) |
| 19:09 | Queue | Villager (Male) |
| 19:18 | Build | Farm |
| 19:20 | Build | Farm |
| 19:24 | Build | Farm |
| 20:02 | Build | House |
| 20:04 | Build | House |
| 20:08 | Build | House |
| 20:10 | Build | House |
| 20:39 | Research | Chain Barding Armor |
| 21:23 | Research | Wheelbarrow |
| 21:24 | Queue | Villager (Male) |
| 21:24 | Queue | Villager (Male) |
| 21:35 | Build | Siege Workshop |
| 21:41 | Research | Husbandry |
| 21:47 | Build | Stable |
| 21:50 | Queue | Villager (Male) |
| 21:50 | Queue | Villager (Male) |
| 21:56 | Queue | Villager (Male) |
| 22:13 | Queue | Villager (Male) |
| 22:25 | Build | Farm |
| 22:30 | Queue | Villager (Male) |
| 22:35 | Queue | Villager (Male) |
| 22:47 | Build | Farm |
| 23:13 | Build | Farm |
| 23:16 | Queue | Villager (Male) |
| 23:19 | Research | Horse Collar |
| 23:27 | Queue | Villager (Male) |
| 23:28 | Queue | Villager (Male) |
| 23:53 | Build | Farm |
| 23:54 | Build | Farm |
| 24:06 | Build | Farm |
| 24:14 | Queue | Villager (Male) |
| 24:14 | Queue | Villager (Male) |
| 24:17 | Build | Farm |
| 24:19 | Research | Heavy Plow |
| 24:37 | Queue | Villager (Male) |
| 24:38 | Queue | Villager (Male) |
| 24:38 | Queue | Villager (Male) |
| 24:45 | Queue | Villager (Male) |
| 24:45 | Queue | Villager (Male) |
| 24:49 | Build | Farm |
| 25:10 | Build | University |
| 25:21 | Build | Farm |
| 25:23 | Build | Farm |
| 25:27 | Queue | Villager (Male) |
| 25:37 | Queue | Villager (Male) |
| 25:37 | Queue | Villager (Male) |
| 25:56 | Build | Farm |
| 25:57 | Queue | Villager (Male) |
| 26:15 | Build | Farm |
| 26:27 | Build | House |
| 26:28 | Build | House |
| 26:42 | Build | Farm |
| 26:57 | Research | Imperial Age |
| 27:18 | Queue | Knight |
| 27:19 | Queue | Knight |
| 27:34 | Build | House |
| 27:36 | Build | House |
| 27:38 | Build | House |
| 27:43 | Build | House |
| 27:46 | Build | House |
| 27:52 | Research | Bow Saw |
| 28:09 | Research | Hand Cart |
| 28:19 | Build | Town Center |
| 28:32 | Research | Iron Casting |
| 28:46 | Queue | Knight |
| 28:46 | Queue | Knight |
| 28:56 | Build | Stable |
| 28:59 | Build | Stable |
| 29:08 | Build | House |
| 29:10 | Build | House |
| 29:21 | Queue | Villager (Male) |
Build order — [LaCD] Nicolaqui
First 150 of 1118 actions detected
| 0:01 | Queue | Villager (Male) |
| 0:01 | Queue | Villager (Male) |
| 0:02 | Queue | Villager (Male) |
| 0:02 | Queue | Villager (Male) |
| 0:02 | Queue | Villager (Male) |
| 0:04 | Build | House |
| 0:05 | Build | House |
| 1:12 | Queue | Villager (Male) |
| 1:13 | Queue | Villager (Male) |
| 1:45 | Build | Lumber Camp |
| 1:51 | Queue | Villager (Male) |
| 1:52 | Queue | Villager (Male) |
| 2:09 | Queue | Villager (Male) |
| 2:33 | Queue | Villager (Male) |
| 2:33 | Queue | Villager (Male) |
| 3:10 | Queue | Villager (Male) |
| 3:11 | Queue | Villager (Male) |
| 3:27 | Queue | Villager (Male) |
| 3:46 | Queue | Villager (Male) |
| 3:55 | Queue | Villager (Male) |
| 3:55 | Queue | Villager (Male) |
| 4:14 | Build | House |
| 4:22 | Queue | Villager (Male) |
| 4:22 | Queue | Villager (Male) |
| 4:37 | Queue | Villager (Male) |
| 4:37 | Queue | Villager (Male) |
| 4:52 | Build | Mill |
| 5:13 | Queue | Villager (Male) |
| 5:55 | Queue | Villager (Male) |
| 6:01 | Build | House |
| 6:40 | Queue | Villager (Male) |
| 7:03 | Queue | Villager (Male) |
| 7:26 | Build | Mining Camp |
| 7:33 | Queue | Villager (Male) |
| 7:49 | Research | Feudal Age |
| 8:03 | Build | Farm |
| 8:06 | Build | Farm |
| 8:50 | Build | Farm |
| 9:19 | Build | Farm |
| 9:34 | Queue | Villager (Male) |
| 9:34 | Queue | Villager (Male) |
| 10:08 | Age | Feudal Age |
| 10:12 | Queue | Villager (Male) |
| 10:12 | Queue | Villager (Male) |
| 10:19 | Build | Farm |
| 11:00 | Build | Farm |
| 11:05 | Research | Castle Age |
| 12:07 | Build | House |
| 12:15 | Research | Double-Bit Axe |
| 12:28 | Research | Loom |
| 12:33 | Research | Horse Collar |
| 12:40 | Build | House |
| 13:03 | Build | House |
| 13:45 | Age | Castle Age |
| 13:45 | Build | House |
| 13:55 | Build | Town Center |
| 14:03 | Queue | Villager (Male) |
| 14:06 | Research | Bow Saw |
| 14:06 | Research | Bow Saw |
| 14:18 | Queue | Villager (Male) |
| 14:37 | Research | Heavy Plow |
| 14:38 | Research | Heavy Plow |
| 14:41 | Queue | Villager (Male) |
| 14:59 | Queue | Villager (Male) |
| 15:18 | Queue | Villager (Male) |
| 15:18 | Queue | Villager (Male) |
| 15:22 | Research | Wheelbarrow |
| 15:22 | Research | Wheelbarrow |
| 15:39 | Queue | Villager (Male) |
| 15:40 | Queue | Villager (Male) |
| 15:51 | Queue | Villager (Male) |
| 15:51 | Queue | Villager (Male) |
| 16:01 | Build | Town Center |
| 16:07 | Queue | Villager (Male) |
| 16:10 | Build | Farm |
| 16:33 | Queue | Villager (Male) |
| 16:33 | Queue | Villager (Male) |
| 16:42 | Build | Farm |
| 16:46 | Build | Farm |
| 16:49 | Build | Farm |
| 17:00 | Queue | Villager (Male) |
| 17:06 | Build | Farm |
| 17:07 | Queue | Villager (Male) |
| 17:08 | Queue | Villager (Male) |
| 17:27 | Build | Farm |
| 17:28 | Queue | Villager (Male) |
| 17:32 | Queue | Villager (Male) |
| 17:32 | Queue | Villager (Male) |
| 18:07 | Queue | Villager (Male) |
| 18:08 | Queue | Villager (Male) |
| 18:08 | Queue | Villager (Male) |
| 18:11 | Build | Farm |
| 18:15 | Queue | Villager (Male) |
| 18:15 | Queue | Villager (Male) |
| 18:16 | Queue | Villager (Male) |
| 18:19 | Build | Farm |
| 18:21 | Build | Farm |
| 18:23 | Build | Farm |
| 18:25 | Build | Farm |
| 18:27 | Queue | Villager (Male) |
| 18:28 | Build | Farm |
| 18:39 | Queue | Villager (Male) |
| 18:39 | Queue | Villager (Male) |
| 18:50 | Build | Lumber Camp |
| 18:53 | Queue | Villager (Male) |
| 18:53 | Queue | Villager (Male) |
| 19:06 | Queue | Villager (Male) |
| 19:06 | Queue | Villager (Male) |
| 19:19 | Queue | Villager (Male) |
| 19:27 | Build | House |
| 19:30 | Build | Stable |
| 19:31 | Queue | Villager (Male) |
| 19:32 | Queue | Villager (Male) |
| 19:38 | Build | Farm |
| 19:42 | Build | Farm |
| 19:45 | Build | Farm |
| 19:48 | Queue | Villager (Male) |
| 19:49 | Queue | Villager (Male) |
| 19:51 | Queue | Villager (Male) |
| 19:54 | Build | Farm |
| 19:55 | Build | Farm |
| 19:59 | Queue | Villager (Male) |
| 20:00 | Queue | Villager (Male) |
| 20:06 | Build | Lumber Camp |
| 20:09 | Queue | Villager (Male) |
| 20:23 | Queue | Villager (Male) |
| 20:24 | Queue | Villager (Male) |
| 20:35 | Build | Town Center |
| 20:37 | Queue | Villager (Male) |
| 20:38 | Queue | Villager (Male) |
| 20:40 | Build | Farm |
| 20:44 | Queue | Scout Cavalry |
| 20:45 | Queue | Villager (Male) |
| 20:45 | Queue | Villager (Male) |
| 20:48 | Build | House |
| 20:49 | Build | House |
| 20:57 | Build | Farm |
| 20:58 | Build | Farm |
| 21:08 | Queue | Villager (Male) |
| 21:15 | Build | House |
| 21:28 | Queue | Scout Cavalry |
| 21:29 | Queue | Villager (Male) |
| 21:29 | Queue | Villager (Male) |
| 21:33 | Build | Farm |
| 21:35 | Build | Farm |
| 21:36 | Build | Farm |
| 21:38 | Build | Farm |
| 21:40 | Queue | Villager (Male) |
| 21:40 | Queue | Villager (Male) |
| 21:46 | Build | Farm |
Build order — PJtheDcoy
First 150 of 491 actions detected
| 0:00 | Queue | Villager (Male) |
| 0:01 | Queue | Villager (Male) |
| 0:02 | Build | House |
| 0:04 | Build | House |
| 0:35 | Queue | Villager (Male) |
| 0:35 | Queue | Villager (Male) |
| 1:23 | Queue | Villager (Male) |
| 1:50 | Queue | Villager (Male) |
| 1:58 | Build | Lumber Camp |
| 2:23 | Queue | Villager (Male) |
| 2:52 | Research | Loom |
| 3:01 | Queue | Villager (Male) |
| 3:01 | Queue | Villager (Male) |
| 3:20 | Build | House |
| 3:25 | Build | House |
| 4:02 | Queue | Villager (Male) |
| 4:03 | Queue | Villager (Male) |
| 4:53 | Queue | Villager (Male) |
| 4:53 | Queue | Villager (Male) |
| 4:53 | Queue | Villager (Male) |
| 5:05 | Build | Mill |
| 5:09 | Queue | Villager (Male) |
| 6:15 | Build | Mill |
| 6:31 | Queue | Villager (Male) |
| 6:31 | Queue | Villager (Male) |
| 6:32 | Queue | Villager (Male) |
| 7:37 | Build | House |
| 7:52 | Queue | Villager (Male) |
| 7:52 | Queue | Villager (Male) |
| 7:53 | Queue | Villager (Male) |
| 7:59 | Build | Mining Camp |
| 8:41 | Queue | Villager (Male) |
| 8:49 | Build | Mining Camp |
| 8:53 | Research | Feudal Age |
| 9:18 | Queue | Villager (Male) |
| 9:25 | Queue | Villager (Male) |
| 9:58 | Build | House |
| 10:05 | Build | Barracks |
| 11:46 | Age | Feudal Age |
| 11:47 | Build | Farm |
| 11:48 | Build | Farm |
| 11:49 | Build | Farm |
| 11:50 | Build | Farm |
| 12:02 | Build | Archery Range |
| 12:05 | Research | Man-at-Arms (upgrade) |
| 12:05 | Queue | Militia |
| 12:06 | Queue | Militia |
| 12:18 | Queue | Villager (Male) |
| 12:41 | Build | Stone Wall |
| 12:45 | Build | Stone Wall |
| 13:00 | Queue | Archer |
| 13:00 | Queue | Archer |
| 13:08 | Queue | Militia |
| 13:09 | Queue | Militia |
| 13:25 | Build | Blacksmith |
| 13:29 | Queue | Villager (Male) |
| 13:29 | Queue | Villager (Male) |
| 13:44 | Build | Mining Camp |
| 13:52 | Queue | Skirmisher |
| 14:00 | Build | House |
| 14:04 | Build | House |
| 14:53 | Queue | Skirmisher |
| 14:53 | Queue | Skirmisher |
| 15:01 | Build | Farm |
| 15:02 | Build | Farm |
| 15:39 | Build | Archery Range |
| 15:42 | Queue | Villager (Male) |
| 15:42 | Queue | Villager (Male) |
| 15:57 | Research | Fletching |
| 15:58 | Research | Scale Mail Armor |
| 16:13 | Queue | Skirmisher |
| 16:13 | Queue | Skirmisher |
| 16:32 | Queue | Villager (Male) |
| 16:32 | Queue | Villager (Male) |
| 16:46 | Queue | Skirmisher |
| 16:46 | Queue | Skirmisher |
| 16:57 | Build | Blacksmith |
| 17:03 | Build | House |
| 17:12 | Queue | Villager (Male) |
| 17:13 | Queue | Villager (Male) |
| 18:51 | Build | Town Center |
| 19:18 | Build | Stone Wall |
| 19:30 | Queue | Archer |
| 19:30 | Queue | Archer |
| 19:31 | Queue | Archer |
| 19:31 | Queue | Archer |
| 19:52 | Queue | Villager (Male) ×5 |
| 20:00 | Build | Farm |
| 20:01 | Build | Farm |
| 20:02 | Build | Farm |
| 20:03 | Build | Farm |
| 20:33 | Research | Double-Bit Axe |
| 21:06 | Build | Farm |
| 21:34 | Build | Farm |
| 21:34 | Build | Farm |
| 21:34 | Build | Farm |
| 21:35 | Build | Farm |
| 21:35 | Build | Farm |
| 21:42 | Queue | Villager (Male) |
| 21:43 | Queue | Villager (Male) |
| 21:47 | Research | Wheelbarrow |
| 22:22 | Build | Farm |
| 22:24 | Build | Farm |
| 22:28 | Build | House |
| 23:14 | Research | Castle Age |
| 23:44 | Research | Stone Mining |
| 24:04 | Research | Gold Mining |
| 24:12 | Research | Scale Mail Armor |
| 24:18 | Queue | Villager (Male) |
| 24:37 | Research | Horse Collar |
| 24:52 | Build | Barracks |
| 25:01 | Build | House |
| 25:02 | Build | House |
| 25:03 | Build | House |
| 25:04 | Build | House |
| 26:27 | Age | Castle Age |
| 26:30 | Queue | Villager (Male) |
| 26:37 | Build | Town Center |
| 26:46 | Build | Town Center |
| 26:53 | Queue | Villager (Male) |
| 26:54 | Queue | Villager (Male) |
| 26:59 | Research | Forging |
| 27:42 | Queue | Villager (Male) |
| 27:43 | Queue | Villager (Male) |
| 27:56 | Build | Barracks |
| 28:17 | Queue | Villager (Male) ×5 |
| 28:25 | Queue | Villager (Male) ×5 |
| 28:41 | Build | Farm |
| 28:42 | Build | Farm |
| 28:43 | Build | Farm |
| 28:46 | Queue | Villager (Male) ×5 |
| 29:00 | Research | Elite Skirmisher (upgrade) |
| 29:18 | Build | Archery Range |
| 29:24 | Research | Fletching |
| 29:24 | Research | Padded Archer Armor |
| 30:01 | Queue | Skirmisher ×5 |
| 30:02 | Queue | Skirmisher ×4 |
| 30:13 | Queue | Villager (Male) ×5 |
| 30:28 | Build | Farm |
| 30:29 | Build | Farm |
| 30:50 | Build | Castle |
| 31:01 | Research | Bodkin Arrow |
| 31:01 | Research | Leather Archer Armor |
| 31:23 | Research | Pikeman (upgrade) |
| 31:23 | Research | Squires |
| 31:26 | Queue | Spearman |
| 31:26 | Queue | Spearman |
| 31:26 | Queue | Spearman |
| 31:37 | Build | Siege Workshop |
| 31:39 | Queue | Villager (Male) |
Build order — RafaelKubo
First 150 of 1680 actions detected
| 0:02 | Queue | Villager (Male) |
| 0:03 | Queue | Villager (Male) |
| 0:03 | Queue | Villager (Male) |
| 0:03 | Queue | Villager (Male) |
| 0:03 | Queue | Villager (Male) |
| 0:05 | Build | House |
| 0:07 | Build | House |
| 1:19 | Queue | Villager (Male) |
| 1:19 | Queue | Villager (Male) |
| 1:59 | Queue | Villager (Male) |
| 1:59 | Queue | Villager (Male) |
| 2:16 | Build | Lumber Camp |
| 2:20 | Queue | Villager (Male) |
| 2:20 | Queue | Villager (Male) |
| 2:55 | Queue | Villager (Male) |
| 2:56 | Queue | Villager (Male) |
| 2:56 | Queue | Villager (Male) |
| 3:39 | Queue | Villager (Male) |
| 3:39 | Queue | Villager (Male) |
| 3:39 | Queue | Villager (Male) |
| 3:40 | Queue | Villager (Male) |
| 4:00 | Queue | Villager (Male) |
| 4:01 | Queue | Villager (Male) |
| 4:32 | Queue | Villager (Male) |
| 4:32 | Queue | Villager (Male) |
| 4:35 | Build | Mill |
| 4:44 | Research | Loom |
| 4:55 | Build | House |
| 5:00 | Queue | Villager (Male) |
| 5:00 | Queue | Villager (Male) |
| 6:02 | Queue | Villager (Male) |
| 6:02 | Queue | Villager (Male) |
| 6:10 | Build | House |
| 6:28 | Queue | Villager (Male) |
| 7:13 | Research | Feudal Age |
| 7:22 | Build | Lumber Camp |
| 7:59 | Build | House |
| 8:42 | Build | Barracks |
| 8:50 | Queue | Villager (Male) |
| 9:03 | Queue | Villager (Male) |
| 9:30 | Age | Feudal Age |
| 9:33 | Research | Double-Bit Axe |
| 9:41 | Build | Blacksmith |
| 10:13 | Queue | Villager (Male) |
| 10:22 | Build | Siege Workshop |
| 10:30 | Queue | Villager (Male) |
| 10:41 | Build | Mining Camp |
| 10:52 | Queue | Villager (Male) |
| 11:10 | Build | House |
| 11:33 | Queue | Battering Ram |
| 11:43 | Queue | Villager (Male) |
| 11:43 | Queue | Villager (Male) |
| 11:53 | Queue | Spearman |
| 11:55 | Queue | Spearman |
| 12:05 | Build | House |
| 12:26 | Queue | Villager (Male) |
| 12:36 | Queue | Battering Ram |
| 12:44 | Build | House |
| 12:54 | Queue | Villager (Male) |
| 13:19 | Queue | Battering Ram |
| 13:27 | Build | Stable |
| 13:28 | Build | Stable |
| 13:32 | Queue | Villager (Male) |
| 14:02 | Queue | Villager (Male) |
| 14:12 | Queue | Battering Ram |
| 14:30 | Queue | Villager (Male) |
| 15:05 | Queue | Spearman |
| 15:39 | Queue | Villager (Male) |
| 15:42 | Queue | Spearman |
| 15:43 | Queue | Battering Ram |
| 15:44 | Queue | Battering Ram |
| 16:09 | Queue | Villager (Male) |
| 16:12 | Queue | Spearman |
| 16:20 | Queue | Battering Ram |
| 16:38 | Queue | Scout Cavalry |
| 16:53 | Build | Farm |
| 16:54 | Build | Farm |
| 16:54 | Build | Farm |
| 16:55 | Build | Farm |
| 16:57 | Build | Farm |
| 16:58 | Build | Farm |
| 16:59 | Build | Farm |
| 17:00 | Build | Farm |
| 17:03 | Build | Farm |
| 17:05 | Build | Farm |
| 18:25 | Queue | Villager (Male) |
| 18:27 | Queue | Scout Cavalry |
| 18:51 | Queue | Villager (Male) |
| 18:52 | Queue | Villager (Male) |
| 19:16 | Build | Town Center |
| 19:38 | Queue | Villager (Male) |
| 19:38 | Queue | Villager (Male) |
| 19:54 | Queue | Villager (Male) |
| 20:02 | Build | Mill |
| 20:07 | Build | Farm |
| 20:08 | Build | Farm |
| 20:10 | Build | Farm |
| 20:12 | Build | Farm |
| 20:19 | Build | Farm |
| 20:20 | Build | Farm |
| 20:22 | Build | Farm |
| 20:23 | Build | Farm |
| 20:28 | Build | Farm |
| 20:40 | Queue | Villager (Male) |
| 20:41 | Queue | Villager (Male) |
| 20:45 | Build | Farm |
| 21:11 | Queue | Villager (Male) |
| 21:14 | Queue | Spearman |
| 21:15 | Queue | Spearman |
| 21:15 | Queue | Spearman |
| 21:20 | Build | House |
| 21:41 | Queue | Villager (Male) |
| 21:42 | Queue | Villager (Male) |
| 21:43 | Queue | Villager (Male) |
| 21:48 | Build | House |
| 21:49 | Build | House |
| 21:50 | Build | House |
| 21:51 | Build | House |
| 21:53 | Build | House |
| 21:53 | Build | House |
| 21:55 | Build | House |
| 21:59 | Build | House |
| 22:01 | Queue | Villager (Male) |
| 22:01 | Queue | Villager (Male) |
| 22:07 | Build | Lumber Camp |
| 22:14 | Queue | Villager (Male) |
| 22:14 | Queue | Villager (Male) |
| 22:23 | Build | Farm |
| 22:35 | Queue | Villager (Male) |
| 23:05 | Research | Horse Collar |
| 23:07 | Queue | Villager (Male) |
| 23:27 | Build | Mining Camp |
| 23:47 | Research | Castle Age |
| 23:50 | Queue | Villager (Male) |
| 23:55 | Queue | Villager (Male) |
| 24:21 | Research | Bloodlines |
| 24:24 | Queue | Spearman |
| 24:42 | Queue | Villager (Male) |
| 24:44 | Queue | Villager (Male) |
| 24:45 | Queue | Villager (Male) |
| 25:06 | Research | Gold Mining |
| 25:15 | Research | Stone Mining |
| 25:15 | Research | Stone Mining |
| 25:19 | Queue | Villager (Male) |
| 25:19 | Queue | Villager (Male) |
| 25:41 | Queue | Villager (Male) |
| 25:41 | Queue | Villager (Male) |
| 26:06 | Build | Farm |
| 26:08 | Build | Farm |
| 26:23 | Queue | Spearman |
Build order — [LAK] Hitokirivan
First 150 of 1705 actions detected
| 0:01 | Queue | Villager (Male) |
| 0:01 | Queue | Villager (Male) |
| 0:02 | Queue | Villager (Male) |
| 0:19 | Queue | Villager (Male) |
| 0:19 | Queue | Villager (Male) |
| 1:23 | Queue | Villager (Male) |
| 1:23 | Queue | Villager (Male) |
| 1:53 | Queue | Villager (Male) |
| 1:53 | Queue | Villager (Male) |
| 1:53 | Queue | Villager (Male) |
| 2:12 | Build | Lumber Camp |
| 2:25 | Queue | Villager (Male) |
| 2:25 | Queue | Villager (Male) |
| 2:40 | Queue | Villager (Male) |
| 2:40 | Queue | Villager (Male) |
| 3:08 | Queue | Villager (Male) |
| 3:08 | Queue | Villager (Male) |
| 3:27 | Queue | Villager (Male) |
| 3:27 | Queue | Villager (Male) |
| 3:51 | Queue | Villager (Male) |
| 3:51 | Queue | Villager (Male) |
| 4:36 | Queue | Villager (Male) |
| 4:36 | Queue | Villager (Male) |
| 4:50 | Build | Mill |
| 4:55 | Queue | Villager (Male) |
| 4:55 | Queue | Villager (Male) |
| 4:56 | Queue | Villager (Male) |
| 4:57 | Queue | Villager (Male) |
| 5:11 | Queue | Villager (Male) |
| 5:11 | Queue | Villager (Male) |
| 5:15 | Research | Loom |
| 5:32 | Queue | Villager (Male) |
| 5:32 | Queue | Villager (Male) |
| 6:24 | Build | Mining Camp |
| 7:09 | Research | Feudal Age |
| 8:33 | Build | Barracks |
| 8:46 | Queue | Villager (Male) |
| 8:55 | Queue | Villager (Male) |
| 9:19 | Age | Feudal Age |
| 9:50 | Build | Archery Range |
| 9:55 | Queue | Villager (Male) |
| 10:06 | Queue | Villager (Male) |
| 10:06 | Queue | Villager (Male) |
| 10:36 | Queue | Archer |
| 10:36 | Queue | Archer |
| 10:36 | Queue | Archer |
| 10:37 | Queue | Archer |
| 10:37 | Queue | Archer |
| 11:47 | Build | Blacksmith |
| 12:13 | Queue | Archer |
| 12:22 | Build | Mining Camp |
| 12:23 | Research | Fletching |
| 12:24 | Research | Padded Archer Armor |
| 12:27 | Queue | Villager (Male) |
| 12:27 | Queue | Villager (Male) |
| 12:28 | Queue | Villager (Male) |
| 12:28 | Queue | Villager (Male) |
| 12:44 | Queue | Archer |
| 12:45 | Queue | Archer |
| 12:50 | Build | Farm |
| 12:56 | Queue | Villager (Male) |
| 12:57 | Research | Double-Bit Axe |
| 13:21 | Queue | Villager (Male) |
| 14:09 | Build | Archery Range |
| 14:22 | Queue | Villager (Male) |
| 14:25 | Build | Farm |
| 14:25 | Build | Farm |
| 14:25 | Build | Farm |
| 14:26 | Queue | Villager (Male) |
| 14:58 | Queue | Archer |
| 14:58 | Queue | Archer |
| 14:58 | Queue | Archer |
| 14:59 | Queue | Archer |
| 15:58 | Queue | Villager (Male) |
| 15:58 | Queue | Villager (Male) |
| 15:59 | Queue | Villager (Male) |
| 16:24 | Research | Horse Collar |
| 16:56 | Queue | Archer |
| 16:56 | Queue | Archer |
| 16:57 | Queue | Archer |
| 16:57 | Queue | Archer |
| 16:57 | Queue | Archer |
| 16:57 | Queue | Archer |
| 16:58 | Queue | Archer |
| 17:08 | Build | Farm |
| 17:08 | Build | Farm |
| 17:08 | Build | Farm |
| 17:08 | Build | Farm |
| 17:09 | Build | Farm |
| 17:12 | Build | Farm |
| 17:13 | Build | Farm |
| 17:13 | Build | Farm |
| 17:13 | Build | Farm |
| 17:15 | Queue | Villager (Male) |
| 17:15 | Queue | Villager (Male) |
| 18:29 | Queue | Archer |
| 18:30 | Queue | Archer |
| 18:30 | Queue | Archer |
| 18:30 | Queue | Archer |
| 18:30 | Queue | Archer |
| 18:30 | Queue | Archer |
| 18:36 | Build | Farm |
| 18:37 | Build | Farm |
| 18:38 | Queue | Villager (Male) |
| 18:43 | Build | Farm |
| 18:43 | Build | Farm |
| 18:48 | Queue | Villager (Male) |
| 18:48 | Queue | Villager (Male) |
| 18:52 | Build | Farm |
| 19:49 | Build | Mill |
| 19:50 | Build | Farm |
| 19:50 | Build | Farm |
| 19:50 | Build | Farm |
| 19:50 | Build | Farm |
| 19:51 | Build | Farm |
| 19:51 | Build | Farm |
| 21:00 | Research | Castle Age |
| 21:21 | Build | Archery Range |
| 21:22 | Build | Archery Range |
| 21:28 | Research | Gold Mining |
| 22:41 | Queue | Archer |
| 22:41 | Queue | Archer |
| 22:42 | Queue | Archer |
| 22:42 | Queue | Archer |
| 22:42 | Queue | Archer |
| 22:42 | Queue | Archer |
| 22:43 | Queue | Archer |
| 23:21 | Queue | Spearman |
| 23:21 | Queue | Spearman |
| 23:22 | Queue | Spearman |
| 23:22 | Queue | Spearman |
| 23:22 | Queue | Spearman |
| 23:22 | Queue | Spearman |
| 23:22 | Queue | Spearman |
| 23:27 | Research | Scale Barding Armor |
| 23:28 | Research | Forging |
| 23:40 | Age | Castle Age |
| 23:41 | Queue | Villager (Male) |
| 23:41 | Queue | Villager (Male) |
| 23:41 | Queue | Villager (Male) |
| 23:46 | Build | Town Center |
| 23:50 | Build | Farm |
| 23:55 | Queue | Villager (Male) |
| 23:55 | Queue | Villager (Male) |
| 23:55 | Queue | Villager (Male) |
| 24:04 | Research | Crossbowman (upgrade) |
| 24:43 | Queue | Villager (Male) |
| 24:43 | Queue | Villager (Male) |
| 24:44 | Queue | Villager (Male) |
| 24:47 | Research | Bow Saw |
Build order — Quando
First 150 of 876 actions detected
| 0:00 | Queue | Villager (Male) |
| 0:00 | Queue | Villager (Male) |
| 0:01 | Queue | Villager (Male) |
| 0:01 | Queue | Villager (Male) |
| 0:02 | Build | House |
| 0:03 | Build | House |
| 1:24 | Queue | Villager (Male) |
| 1:24 | Queue | Villager (Male) |
| 1:43 | Build | Lumber Camp |
| 2:02 | Queue | Villager (Male) |
| 2:17 | Queue | Villager (Male) |
| 2:46 | Queue | Villager (Male) |
| 2:46 | Queue | Villager (Male) |
| 3:21 | Queue | Villager (Male) |
| 3:21 | Queue | Villager (Male) |
| 3:45 | Queue | Villager (Male) |
| 3:53 | Build | House |
| 3:53 | Build | House |
| 3:54 | Build | House |
| 4:24 | Queue | Villager (Male) |
| 4:32 | Queue | Villager (Male) |
| 5:00 | Build | Mill |
| 5:18 | Queue | Villager (Male) |
| 5:18 | Queue | Villager (Male) |
| 5:34 | Queue | Villager (Male) |
| 5:35 | Queue | Villager (Male) |
| 6:18 | Build | Farm |
| 6:37 | Build | Farm |
| 6:41 | Build | Farm |
| 6:49 | Queue | Villager (Male) |
| 7:07 | Queue | Villager (Male) |
| 7:08 | Queue | Villager (Male) |
| 7:33 | Build | Farm |
| 7:56 | Research | Feudal Age |
| 7:59 | Build | Mining Camp |
| 8:35 | Queue | Villager (Male) |
| 8:36 | Queue | Villager (Male) |
| 8:58 | Queue | Villager (Male) |
| 8:58 | Queue | Villager (Male) |
| 10:31 | Age | Feudal Age |
| 10:32 | Build | Market |
| 10:35 | Build | Blacksmith |
| 10:51 | Build | Farm |
| 10:53 | Build | Farm |
| 11:17 | Research | Castle Age |
| 11:17 | Research | Castle Age |
| 11:52 | Build | House |
| 11:57 | Research | Double-Bit Axe |
| 12:15 | Build | Mill |
| 12:59 | Research | Horse Collar |
| 13:27 | Queue | Villager (Male) |
| 14:01 | Age | Castle Age |
| 14:03 | Build | Town Center |
| 14:06 | Build | Monastery |
| 14:18 | Queue | Villager (Male) |
| 14:31 | Queue | Villager (Male) |
| 14:52 | Queue | Monk |
| 14:56 | Queue | Villager (Male) |
| 15:00 | Build | Town Center |
| 15:20 | Queue | Villager (Male) |
| 15:21 | Queue | Villager (Male) |
| 15:21 | Queue | Villager (Male) |
| 15:39 | Queue | Villager (Male) |
| 15:41 | Research | Bow Saw |
| 15:47 | Queue | Monk |
| 16:14 | Queue | Villager (Male) |
| 16:14 | Queue | Villager (Male) |
| 16:16 | Build | Farm |
| 16:17 | Build | Farm |
| 16:19 | Build | Farm |
| 16:40 | Queue | Villager (Male) |
| 16:41 | Queue | Villager (Male) |
| 16:49 | Queue | Villager (Male) |
| 16:50 | Queue | Villager (Male) |
| 16:52 | Build | Farm |
| 16:54 | Build | Farm |
| 17:04 | Build | Barracks |
| 17:05 | Build | House |
| 17:06 | Build | House |
| 17:16 | Queue | Villager (Male) |
| 17:16 | Queue | Villager (Male) |
| 17:17 | Build | Farm |
| 17:19 | Queue | Monk |
| 17:28 | Research | Loom |
| 17:34 | Queue | Villager (Male) |
| 17:36 | Research | Loom |
| 17:40 | Build | Farm |
| 17:45 | Build | Farm |
| 17:46 | Build | Farm |
| 17:48 | Queue | Villager (Male) |
| 18:02 | Queue | Villager (Male) |
| 18:02 | Queue | Villager (Male) |
| 18:03 | Queue | Villager (Male) |
| 18:11 | Build | House |
| 18:11 | Build | House |
| 18:15 | Queue | Spearman |
| 18:19 | Build | House |
| 18:23 | Build | House |
| 18:24 | Build | House |
| 18:24 | Build | House |
| 18:26 | Queue | Villager (Male) |
| 18:26 | Queue | Villager (Male) |
| 18:33 | Build | Farm |
| 18:33 | Build | Farm |
| 18:36 | Queue | Villager (Male) |
| 18:44 | Queue | Villager (Male) |
| 18:51 | Queue | Villager (Male) |
| 18:51 | Queue | Villager (Male) |
| 18:56 | Build | Mining Camp |
| 19:07 | Queue | Spearman |
| 19:09 | Queue | Monk |
| 19:12 | Queue | Villager (Male) |
| 19:12 | Queue | Villager (Male) |
| 19:18 | Build | Farm |
| 19:19 | Build | Farm |
| 19:21 | Build | Farm |
| 19:22 | Build | Farm |
| 19:29 | Build | Farm |
| 19:30 | Build | Farm |
| 19:30 | Build | Farm |
| 19:33 | Build | Farm |
| 19:34 | Build | Farm |
| 19:35 | Build | Farm |
| 19:38 | Queue | Villager (Male) |
| 19:39 | Queue | Villager (Male) |
| 19:48 | Queue | Villager (Male) |
| 19:51 | Queue | Villager (Male) |
| 19:51 | Queue | Villager (Male) |
| 20:06 | Build | Farm |
| 20:08 | Build | Farm |
| 20:09 | Queue | Villager (Male) |
| 20:09 | Queue | Villager (Male) |
| 20:20 | Queue | Monk |
| 20:26 | Queue | Villager (Male) |
| 20:27 | Queue | Villager (Male) |
| 20:31 | Queue | Villager (Male) |
| 20:31 | Queue | Villager (Male) |
| 20:41 | Build | Town Center |
| 20:42 | Queue | Villager (Male) |
| 20:42 | Queue | Villager (Male) |
| 21:02 | Queue | Villager (Male) |
| 21:04 | Queue | Villager (Male) |
| 21:04 | Queue | Villager (Male) |
| 21:18 | Queue | Villager (Male) |
| 21:18 | Queue | Villager (Male) |
| 21:33 | Queue | Villager (Male) |
| 21:33 | Queue | Villager (Male) |
| 21:42 | Build | Farm |
| 21:43 | Build | Farm |
| 21:45 | Build | Farm |
Match timeline
| 8:33 | [LAK] Hitokirivan · first_building Barracks |
| 8:42 | RafaelKubo · first_building Barracks |
| 9:19 | [LAK] Hitokirivan · age_up feudal |
| 9:26 | Fr4ggi · first_building Barracks |
| 9:30 | RafaelKubo · age_up feudal |
| 9:50 | [LAK] Hitokirivan · first_building Archery Range |
| 10:05 | PJtheDcoy · first_building Barracks |
| 10:08 | [LaCD] Nicolaqui · age_up feudal |
| 10:22 | RafaelKubo · first_building Siege Workshop |
| 10:31 | Quando · age_up feudal |
| 11:06 | Fr4ggi · age_up feudal |
| 11:11 | Fr4ggi · first_building Stable |
| 11:46 | PJtheDcoy · age_up feudal |
| 12:02 | PJtheDcoy · first_building Archery Range |
| 12:41 | PJtheDcoy · wall_segment Stone Wall x5 |
| 12:45 | PJtheDcoy · wall_segment Stone Wall x1 |
| 13:27 | RafaelKubo · first_building Stable |
| 13:45 | [LaCD] Nicolaqui · age_up castle |
| 14:01 | Quando · age_up castle |
| 14:06 | Quando · first_building Monastery |
| 15:30 | Fr4ggi · age_up castle |
| 17:04 | Quando · first_building Barracks |
| 19:18 | PJtheDcoy · wall_segment Stone Wall x3 |
| 19:30 | [LaCD] Nicolaqui · first_building Stable |
| 20:33 | Quando · first_market_sell 100 wood |
| 20:34 | Quando · first_market_buy 100 stone |
| 21:35 | Fr4ggi · first_building Siege Workshop |
| 23:40 | [LAK] Hitokirivan · age_up castle |
| 25:05 | Quando · first_building Siege Workshop |
| 25:48 | [LaCD] Nicolaqui · first_building Castle |
| 26:27 | PJtheDcoy · age_up castle |
| 26:32 | RafaelKubo · age_up castle |
| 26:52 | [LaCD] Nicolaqui · wall_segment Stone Wall x1 |
| 26:58 | [LaCD] Nicolaqui · wall_segment Stone Wall x1 |
| 27:22 | [LaCD] Nicolaqui · age_up imperial |
| 27:25 | Quando · first_building Castle |
| 27:55 | [LaCD] Nicolaqui · first_building Siege Workshop |
| 28:10 | Quando · age_up imperial |
| 28:46 | [LaCD] Nicolaqui · first_building Archery Range |
| 29:42 | Fr4ggi · age_up imperial |
| 30:08 | RafaelKubo · first_building Monastery |
| 30:14 | RafaelKubo · first_building Castle |
| 30:50 | PJtheDcoy · first_building Castle |
| 31:37 | PJtheDcoy · first_building Siege Workshop |
| 33:30 | RafaelKubo · first_building Archery Range |
| 33:58 | PJtheDcoy · wall_segment Stone Wall x3 |
| 34:01 | PJtheDcoy · wall_segment Stone Wall x4 |
| 35:28 | [LaCD] Nicolaqui · first_market_sell 500 food |
| 36:35 | [LaCD] Nicolaqui · first_market_buy 100 stone |
| 36:57 | [LAK] Hitokirivan · first_building Castle |
| 39:31 | [LAK] Hitokirivan · first_building Monastery |
| 40:24 | [LAK] Hitokirivan · first_building Stable |
| 41:27 | PJtheDcoy · age_up imperial |
| 42:08 | RafaelKubo · age_up imperial |
| 43:06 | [LAK] Hitokirivan · age_up imperial |
| 43:22 | Fr4ggi · first_building Castle |
| 45:53 | PJtheDcoy · wall_segment Stone Wall x1 |
| 46:34 | [LAK] Hitokirivan · first_market_sell 100 wood |
| 46:38 | [LAK] Hitokirivan · first_market_buy 100 food |
| 48:19 | PJtheDcoy · wall_segment Stone Wall x11 |
| 48:26 | PJtheDcoy · wall_segment Stone Wall x11 |
| 48:52 | Fr4ggi · first_building Archery Range |
| 50:52 | Fr4ggi · first_market_sell 500 wood |
| 51:40 | Quando · wall_segment Stone Wall x5 |
| 54:14 | [LaCD] Nicolaqui · first_building Monastery |
| 55:06 | [LaCD] Nicolaqui · wall_segment Stone Wall x1 |
| 55:15 | [LaCD] Nicolaqui · wall_segment Stone Wall x13 |
| 55:22 | [LaCD] Nicolaqui · wall_segment Stone Wall x1 |
| 55:23 | [LaCD] Nicolaqui · wall_segment Stone Wall x1 |
| 56:13 | [LaCD] Nicolaqui · wall_segment Stone Wall x4 |
| 57:28 | PJtheDcoy · first_building Stable |
| 60:43 | [LaCD] Nicolaqui · wall_segment Stone Wall x12 |
| 65:22 | Fr4ggi · wall_segment Stone Wall x23 |
| 66:51 | Quando · wall_segment Stone Wall x22 |
| 68:30 | Fr4ggi · wall_segment Stone Wall x25 |
| 71:29 | Quando · wall_segment Stone Wall x1 |
| 71:31 | Quando · wall_segment Stone Wall x2 |
| 74:26 | Quando · tribute_sent a jugador 1 |
| 74:26 | Quando · tribute_sent a jugador 2 |
| 74:26 | Quando · tribute_sent a jugador 3 |
| 74:26 | Quando · tribute_sent a jugador 4 |
| 74:26 | Quando · tribute_sent a jugador 5 |
| 81:46 | [LaCD] Nicolaqui · wall_segment Stone Wall x14 |
| 82:22 | [LaCD] Nicolaqui · wall_segment Stone Wall x2 |
| 83:11 | [LaCD] Nicolaqui · wall_segment Stone Wall x4 |
| 83:16 | [LaCD] Nicolaqui · wall_segment Stone Wall x1 |
| 84:34 | [LaCD] Nicolaqui · wall_segment Stone Wall x5 |
| 84:47 | RafaelKubo · wall_segment Palisade Wall x1 |
| 86:13 | [LaCD] Nicolaqui · wall_segment Stone Wall x12 |
| 86:16 | [LaCD] Nicolaqui · wall_segment Stone Wall x6 |
| 87:18 | [LaCD] Nicolaqui · wall_segment Stone Wall x11 |
| 87:25 | [LaCD] Nicolaqui · wall_segment Stone Wall x12 |
| 87:33 | [LaCD] Nicolaqui · wall_segment Stone Wall x1 |
| 88:12 | [LAK] Hitokirivan · resign |
[ AI ANALYSIS · 1 CREDIT ]
What really happened in this match?
Wolo.gg analyzes every decision: build order, eco, micro, common mistakes by bracket. Personalized analysis on WhatsApp or Discord in 30 seconds.
Civ guide
Persians
Perfil
Jugador #6051949